 Dungeon Crawl Stone Soup version 0.29-a0-72-g1732ff48e7 (webtiles) character file.

Game seed: 17585650816901341226

107 SmokeWeed the Skirmisher (level 4, 0/44 HPs)
             Began as a Naga Berserker on Feb 4, 2022.
             Was a Follower of Trog.
             Slain by a jelly (2 damage)
             ... on level 3 of the Dungeon.
             The game lasted 00:04:29 (2509 turns).

SmokeWeed the Skirmisher (Naga Berserker)           Turns: 2509, Time: 00:04:30

Health: 0/44       AC:  2    Str: 21    XL:     4   Next: 85%
Magic:  4/4        EV:  6    Int:  8    God:    Trog [*.....]
Gold:   116        SH:  0    Dex: 10    Spells: 3/3 levels left

rFire   . . .      SeeInvis +   a - +0 spear
rCold   . . .      Faith    .   (no shield)
rNeg    . . .      Spirit   .   c - +0 chain mail
rPois   +          Reflect  .   (no helmet)
rElec   .          Harm     .   (no cloak)
rCorr   .          Rampage  .   (no gloves)
Will    .....                   (no barding)
Stlth   ..........              (no amulet)
HPRegen 0.14/turn               (no ring)
MPRegen 0.09/turn               (no ring)

@: corroded, very slow
A: AC +1, large, see invisible, deformed body, poison resistance, slowness 2,
spit poison 1, naga tail 1
a: Spit Poison, Renounce Religion, Berserk


You were on level 3 of the Dungeon.
You worshipped Trog.
Trog was aware of your devotion.
You visited 1 branch of the dungeon, and saw 3 of its levels.

You collected 116 gold pieces.

Inventory:

Hand Weapons
 a - a +0 spear (weapon)
 o - a +0 hunting sling
Missiles
 d - 21 arrows
 e - 95 stones
 m - 5 javelins
Armour
 b - a +0 animal skin
 c - a +0 chain mail (worn)
Jewellery
 l - a ring of willpower
Wands
 n - a wand of paralysis (6)
Scrolls
 g - a scroll of fog {unknown}
 h - a scroll of enchant weapon {unknown}
 i - 2 scrolls of identify {unknown}
Potions
 f - a potion of curing
 j - a potion of resistance {unknown}
 k - a potion of mutation {unknown}


   Skills:
 + Level 4.2 Fighting
 + Level 3.6 Polearms
 + Level 2.4 Armour
 + Level 1.7 Dodging


You had 3 spell levels left.
You didn't know any spells.
Your spell library was empty.

Dungeon Overview and Level Annotations

Branches:
Dungeon (3/15)

Altars:

Shops:
D:1 ?*::?


Innate Abilities, Weirdness & Mutations

Your serpentine skin is tough. (AC +1)
You have supernaturally acute eyesight. (SInv)
Armour fits poorly on your strangely shaped body.
Your system is resistant to poisons. (rPois)
You cover ground very slowly.
You can spit poison.
You have a snake-like lower body.


Message History

Aim: a jelly (100% to hit)
The splash of poison hits the jelly.
The jelly is lightly wounded.
You reach to attack!
You hit the jelly but do no damage.
The jelly is lightly wounded.
You reach to attack!
You hit the jelly but do no damage.
The jelly is lightly wounded.
You have got your breath back.
You hit the jelly but do no damage.
Your hands burn!
The jelly is lightly wounded.
The jelly hits you. The acid corrodes you!
You are splashed with acid!
You hit the jelly.
Your hands burn!
The jelly is lightly wounded.
The jelly hits you.
You are splashed with acid!
You hit the jelly.
Your hands burn!
The jelly is moderately wounded.
The jelly hits you but does no damage.
You hit the jelly but do no damage.
Your hands burn!
The jelly is moderately wounded.
The jelly closely misses you.
You hit the jelly.
Your hands burn!
The jelly is heavily wounded.
The jelly closely misses you.
You hit the jelly. The acid corrodes you!
Your hands burn!
* * * LOW HITPOINT WARNING * * *
The jelly is severely wounded.
The jelly closely misses you.
You hit the jelly.
Your hands burn!
* * * LOW HITPOINT WARNING * * *
The jelly is severely wounded.
The jelly barely misses you.
You hit the jelly but do no damage. The acid corrodes you!
Your hands burn!
* * * LOW HITPOINT WARNING * * *
The jelly is severely wounded.
The jelly hits you but does no damage.
You hit the jelly.
Your hands burn!
* * * LOW HITPOINT WARNING * * *
The jelly is almost dead.
The jelly hits you.
You die...

.....#### ....(..
#.....### #.......
#.###.....#
....J.!..# .. #.#
... #. #J# ... #.
#@# #...#.#####.#
....#....##.#####?#
..................
.#.............# ..
#.#.#########.# .#
# #...##....# #.#
.#
#.##.#.##.##)###.#
.# ..###........#.#
.#


You could see a jelly.

Vanquished Creatures
  A hound (D:3)
  Ijyb (D:3)
  3 adders (D:2)
  4 endoplasms
  2 goblins
  6 hobgoblins
  2 jackals (D:2)
  A quokka (D:1)
  A ball python (D:1)
  2 frilled lizards
  2 rats
25 creatures vanquished.

Vanquished Creatures (others)
  6 plants (D:3)
6 creatures vanquished.

Grand Total: 31 creatures vanquished

Notes
Turn   | Place    | Note
-------+----------+-------------------------------------------
     0 | D:1      | SmokeWeed the Naga Berserker began the quest for the Orb.
     0 | D:1      | Reached XP level 1. HP: 21/21 MP: 1/1
   309 | D:1      | Found a faded altar of an unknown god.
   406 | D:1      | Reached XP level 2. HP: 20/28 MP: 2/2
   526 | D:1      | Found Uminodor's Book Emporium.
   707 | D:1      | Found Plog's Book Emporium.
   869 | D:1      | Found Racitzu's Magic Scroll Emporium.
   983 | D:1      | Found Yvvaimno's Magic Scroll Shoppe.
  1129 | D:2      | Reached XP level 3. HP: 28/36 MP: 3/3
  1684 | D:2      | Reached skill level 4 in Fighting
  2048 | D:3      | Noticed Ijyb
  2058 | D:3      | Paralysed by Ijyb for 2 turns
  2072 | D:3      | Paralysed by Ijyb for 6 turns
  2087 | D:3      | Killed Ijyb
  2088 | D:3      | Reached XP level 4. HP: 25/44 MP: 4/4
  2509 | D:3      | HP: 2/44 [acid (3)]
  2509 | D:3      | Slain by a jelly

Illustrated notes

Levels and vault maps discovered:
D:1:      onia_arrival_pyramid, layout_basic, serial_shops,
          nicolae_shop_behind_doors, nicolae_shop_trees, shop_fountains,
          nicolae_lakefront_shop, shop,
          dreamdust_ecumenical_altar_hidden_monk_grotto
D:2:      layout_loops_ring
D:3:      layout_loops_ring, elyvilon_altar_5, lightli_temple_of_fire,
          hangedman_decor_clover_reticule, corexii_corridor_pit,
          serial_bayou_pond_a, chequers_serial_rivers_micro_e, uniq_ijyb

Skill      XL: |  1  2  3 |
---------------+----------+-----
Fighting       | 4 |  4.2
Armour         | 2 |  2.4
Polearms       | |  3.6
Dodging        | |  1.7

Action                   |  1- 3 |  4- 6 || total
-------------------------+-------+-------++-------
Melee: Spear             |   120 |    25 ||   145
       Punch             |     2 |       ||     2
Invok: Berserk           |     1 |       ||     1
 Abil: Spit Poison       |     9 |     3 ||    12
Armor: Chain mail        |    60 |    11 ||    71
Dodge: Dodged            |    22 |     8 ||    30

Table legend: (Time is in decaauts)
 A = Elapsed time spent in this place.
 B = Non-inter-level travel time spent in this place.
 C = Inter-level travel time spent in this place.
 D = Time resting spent in this place.
 E = Time spent auto-exploring this place.
 F = Levels seen in this place.
 G = Mean time per level.
                   A        B        C        D        E       F      G
               +--------+--------+--------+--------+--------+-----+--------+
         Total |   3081 |   3031 |     50 |    190 |   2382 |   3 | 1027.0 |
       Dungeon |   3081 |   3031 |     50 |    190 |   2382 |   3 | 1027.0 |
               +--------+--------+--------+--------+--------+-----+--------+

Top non-repeatable levels by time:
     D:1: 1281 daAuts
     D:2: 1238 daAuts
     D:3: 561 daAuts
